 Dungeon Crawl Stone Soup version 0.30-a0-1074-g5db6f66fbb (webtiles) character file.

Game seed: 2838795079100863406

765 vineage the Fighter (level 7, -6/51 HPs)
             Began as a Gargoyle Fighter on Apr 13, 2023.
             Mangled by an ogre
             ... wielding a +0 giant spiked club
              (16 damage)
             ... on level 5 of the Dungeon.
             The game lasted 00:04:34 (4746 turns).

vineage the Fighter (Gargoyle Fighter)              Turns: 4746, Time: 00:04:34

Health: -6/51      AC: 21    Str: 21    XL:     7   Next: 81%
Magic:  7/7        EV:  7    Int:  9    God:
Gold:   893        SH: 10    Dex:  9    Spells: 6/6 levels left

rFire   . . .      SeeInvis .    l - +2 mace (protect)
rCold   . . .      Faith    .    c - +1 buckler
rNeg    + . .      Spirit   .    r - +0 chain mail
rPois   ∞          Reflect  +    (no helmet)
rElec   +          Rampage  .    (no cloak)
rCorr   .                        (no gloves)
Will    .....                    (no boots) Stlth
                                 d - amulet of reflection
HPRegen 0.28/turn                (no ring)
MPRegen 0.10/turn                (no ring)

@: under a protective aura
A: sickness immunity, AC +4, negative energy resistance 1, electricity
resistance, torment resistance 1, petrification resistance
a: no special abilities


You were on level 5 of the Dungeon.
You visited 2 branches of the dungeon, and saw 6 of its levels.

You collected 893 gold pieces.

Inventory:

Hand Weapons
 a - a +0 flail
 l - a +2 mace of protection (weapon)
Armour
 c - a +1 buckler (worn)
 r - a +0 chain mail (worn)
Jewellery
 d - an amulet of reflection (around neck)
Scrolls
 k - 2 scrolls of teleportation
 p - a scroll of enchant armour
Potions
 e - 3 potions of curing
 f - a potion of heal wounds {unknown}
 g - a potion of ambrosia {unknown}
 h - a potion of attraction {unknown}
 i - 2 potions of berserk rage {unknown}
 j - 3 potions of invisibility {unknown}
 m - a potion of degeneration {unknown}


   Skills:
 + Level 9.4 Fighting
 * Level 2.6 Maces & Flails
 + Level 3.6 Armour
 + Level 3.5 Shields


You had 6 spell levels left.
You didn't know any spells.
Your spell library contained the following spells:

 Spells                   Type           Power      Damage    Failure   Level
 Magic Dart               Conj           0%         1d3       98%         1
 Sting                    Tmut/Pois      0%         1d3       98%         1
 Poisonous Vapours        Pois/Air       0%         N/A       99%         2
 Searing Ray              Conj           0%         2d4       99%         2
 Fulminant Prism          Conj/Hex       0%         3d5       100%        4
 Olgreb's Toxic Radiance  Pois           0%         N/A       100%        4


Dungeon Overview and Level Annotations

Branches:
Dungeon (5/15)             Temple (1/1) D:4

Altars:
Cheibriados
Dithmenos
Elyvilon
Fedhas
Qazlal
Ru
Sif Muna
Uskayaw
Vehumet
Wu Jian
Xom
Yredelemnul
Zin
The Shining One


Innate Abilities, Weirdness & Mutations

You are immune to sickness and miasma.
Your stone body is resilient. (AC +4)
You are immune to poison.
You resist negative energy. (rN+)
You are resistant to electric shocks. (rElec)
You are resistant to unholy torment.
You are immune to petrification.


Message History

Found 3 stones.
Found a war axe.
There is an open door here.
You open the door.
There is an open door here.
An ogre comes into view. It is wielding a +0 giant spiked club.
The ogre shouts!
An ogre is nearby!
You barely miss the ogre.
The ogre hits you with a +0 giant spiked club!!
Ouch! That really hurt!
You are too injured to fight recklessly!
You are too injured to fight recklessly!
You are too injured to fight recklessly!
You are too injured to fight recklessly!
You are too injured to fight recklessly!
You are too injured to fight recklessly!
You are too injured to fight recklessly!
You are too injured to fight recklessly!
You are too injured to fight recklessly!
You are too injured to fight recklessly!
You are too injured to fight recklessly!
You are too injured to fight recklessly!
You are too injured to fight recklessly!
You are too injured to fight recklessly!
You are too injured to fight recklessly!
You are too injured to fight recklessly!
You are too injured to fight recklessly!
You sock the ogre!
Your weapon exudes an aura of protection.
The ogre is moderately wounded.
The ogre completely misses you.
You barely miss the ogre.
The ogre is moderately wounded.
The ogre hits you with a +0 giant spiked club!
* * * LOW HITPOINT WARNING * * *
You thump the ogre!
The ogre is heavily wounded.
The ogre hits you with a +0 giant spiked club!
You die...

#######
.......##########
#.............#
#.##.@###.##..#
#.O#
#.#...#####.#
#..#
#...........#
#..#
###...#######
#..######..#
#..........# ..
..#######.## ##
#. ## ##'## #.
#.# ##...## #.


You could see an ogre.

Vanquished Creatures
  Eustachio (D:4)
  An ogre (D:5)
  A centaur (D:4)
  A scorpion (D:4)
  3 hounds
  An orc priest (D:4)
  Jessica (D:2)
  Terence (D:2)
  Robin (D:2)
  3 gnolls (D:5)
  5 adders
  2 worms (D:2)
  2 dart slugs (D:1)
  4 orcs
  4 bats
  5 endoplasms
  6 giant cockroaches
  20 goblins
  16 hobgoblins
  3 jackals (D:2)
  5 quokkas
  9 ball pythons
  3 frilled lizards
  15 kobolds
  6 rats
119 creatures vanquished.

Vanquished Creatures (others)
  An orc wizard (D:4)
1 creature vanquished.

Grand Total: 120 creatures vanquished

Notes
Turn   | Place    | Note
-------+----------+-------------------------------------------
     0 | D:1      | vineage the Gargoyle Fighter began the quest for the Orb.
     0 | D:1      | Reached XP level 1. HP: 14/14 MP: 1/1
   136 | D:1      | Reached XP level 2. HP: 20/20 MP: 2/2
   158 | D:1      | Reached skill level 4 in Fighting
   165 | D:1      | You fall into a shaft and drop 1 floor!
   198 | D:2      | Reached XP level 3. HP: 24/24 MP: 3/3
   606 | D:2      | Reached skill level 5 in Fighting
   626 | D:2      | Noticed Robin
   641 | D:2      | Noticed Terence
   653 | D:2      | Killed Robin
   654 | D:2      | Reached XP level 4. HP: 18/31 MP: 4/4
   666 | D:2      | Killed Terence
  1253 | D:2      | Found a glowing golden altar of the Shining One.
  1274 | D:2      | Reached skill level 6 in Fighting
  1793 | D:2      | Reached XP level 5. HP: 35/36 MP: 5/5
  1832 | D:2      | Noticed Jessica
  1837 | D:2      | Killed Jessica
  2556 | D:3      | Found a basalt altar of Yredelemnul.
  2612 | D:3      | Found a white marble altar of Elyvilon.
  2990 | D:4      | Reached skill level 7 in Fighting
  2990 | D:4      | Reached XP level 6. HP: 40/44 MP: 6/6
  3159 | D:4      | Noticed Eustachio
  3291 | D:4      | Killed Eustachio
  3292 | D:4      | Reached skill level 8 in Fighting
  3292 | D:4      | Reached XP level 7. HP: 44/50 MP: 7/7
  3360 | D:4      | Found a staircase to the Ecumenical Temple.
  3376 | Temple   | Entered the Ecumenical Temple
  4005 | D:4      | Reached skill level 9 in Fighting
  4401 | D:5      | Entered Level 5 of the Dungeon
  4524 | D:5      | Identified a scroll of acquirement
  4524 | D:5      | Acquired 712 gold pieces
  4746 | D:5      | Mangled by an ogre

Illustrated notes

Levels and vault maps discovered:
D:1:      dpeg_arrival_erosion, layout_basic
D:2:      layout_loops_cross, basic_altar, minmay_goblin_outpost, uniq_robin,
          uniq_terence, uniq_jessica
D:3:      layout_basic, kennysheep_ying_yang
D:4:      layout_basic, minmay_temple_entry_slanted, portal_sewer_entry_f,
          uniq_eustachio
D:5:      layout_loops_corners, uniq_sigmund
Temple:   jpeg_temple_clearing

Skill      XL: |  1  2  3  4  5  6  7 |
---------------+----------------------+-----
Fighting       | 4 5 6 7 8 9 |  9.4
Maces & Flails | |  2.6
Armour         | |  3.6
Shields        | |  3.5

Action                     |  1- 3 |  4- 6 |  7- 9 || total
---------------------------+-------+-------+-------++-------
  Melee: Flail             |   107 |   284 |    30 ||   421
         Mace              |       |       |    95 ||    95
    Use: Scroll            |       |     4 |     3 ||     7
         Potion            |       |     1 |       ||     1
 Armour: Scale mail        |    74 |   167 |    52 ||   293
         Chain mail        |       |       |     2 ||     2
  Dodge: Dodged            |    50 |   141 |    49 ||   240
  Block: Buckler           |    30 |   132 |   100 ||   262
         Reflection        |       |     1 |     3 ||     4

Table legend: (Time is in decaauts)
 A = Elapsed time spent in this place.
 B = Non-inter-level travel time spent in this place.
 C = Inter-level travel time spent in this place.
 D = Time resting spent in this place.
 E = Time spent auto-exploring this place.
 F = Levels seen in this place.
 G = Mean time per level.
                   A        B        C        D        E       F      G
               +--------+--------+--------+--------+--------+-----+--------+
         Total |   4926 |   4742 |    184 |    737 |   2901 |   6 |  821.0 |
       Dungeon |   4792 |   4624 |    168 |    737 |   2796 |   5 |  958.4 |
        Temple |    133 |    117 |     16 |      0 |    105 |   1 |  133.0 |
               +--------+--------+--------+--------+--------+-----+--------+

Top non-repeatable levels by time:
     D:2: 1588 daAuts
     D:4: 1375 daAuts
     D:3: 898 daAuts
     D:1: 575 daAuts
     D:5: 354 daAuts
  Temple: 133 daAuts
